cohdb
Replays
Latest Replays
All Replays
Popular Replays
Top Player Replays
Match Explorer
How It Works
Community
CoH3 Stats
Reddit
Sign in to upload your games and track your stats! →
Sign in with Steam
Match 43985643
Unlisted
Match 43985643
Overview
Messages
Build Orders
End
Panzergrenadier Squad
Selects Armored Support Battlegroup
Panzergrenadier Squad
250 Light Carrier
Construct Light Support Kompanie
Combat Half-tracks
Fire Support Elements
Selects Superior Fire Drills
Veteran Squad Leaders
Panzerjäger Mechanized Group
Vehicle Survival Package
Selects Salvage Kits
Construct Panzerarmee Kommand
Emergency Repair Kits
Selects Panzer Storm
Rapid Advance
Panzerjäger Mechanized Group
Panzer III L Medium Tank
Selects Stuka Dive Bomb
Panzer III L Medium Tank
Advanced Optics
Advanced Field Repairs
Stuka Dive Bomb
Panzerjäger Mechanized Group
Panzer III L Medium Tank
Tungsten Core Ammunition
Panzer III L Medium Tank
[PBS] Sigizmund
【嗜血狼族】灵狐魅儿
A Rather Splendid Cromwell
six
UMirinBrah?
Frankenfreund
kingkendji99
VRRRR
0
0
Comments
sign in to comment!
No comments posted yet!